 Dungeon Crawl Stone Soup version 0.24-a0-284-g9fb9971df1 (webtiles) character file.

Game seed: 1494162727008211780

44 HAL9000 the Vexing (level 3, -4/16 HPs)
             Began as a Vine Stalker Enchanter on May 4, 2019.
             Slain by an adder (5 damage)
             ... on level 2 of the Dungeon.
             The game lasted 00:02:45 (1549 turns).

HAL9000 the Vexing (Vine Stalker Enchanter)         Turns: 1549, Time: 00:02:45

Health: -4/16      AC:  3    Str: 11    XL:     3   Next: 60%
Magic:  0/7        EV: 12    Int: 15    God:
Gold:   66         SH:  0    Dex: 14    Spells: 0/6 levels left

rFire    . . .     SeeInvis .   a - +1 dagger
rCold    . . .     Gourm    .   (no shield)
rNeg     . . .     Faith    .   b - +0 robe
rPois    .         Spirit   +   (no helmet)
rElec    .         Reflect  .   h - +0 cloak
rCorr    .         Harm     .   (no gloves)
MR       .....                  (no boots)
Stlth    ++........             (no amulet)
HPRegen  0.05/turn              (no ring)
MPRegen  0.10/turn              (no ring)

@: lethally poisoned (-4 -> -7)
A: fangs 2, magic shield, antimagic bite, no potion heal 3, rot immunity
a: no special abilities


You were on level 2 of the Dungeon.
You were hungry.

You visited 1 branch of the dungeon, and saw 2 of its levels.

You collected 66 gold pieces.

Inventory:

Hand Weapons
 a - a +1 dagger (weapon)
Missiles
 l - 6 tomahawks (quivered)
Armour
 b - a +0 robe (worn)
 h - a +0 cloak (worn)
Scrolls
 f - a scroll of enchant weapon {unknown}
 g - a scroll of remove curse {unknown}
Potions
 c - a potion of resistance {unknown}
 e - a potion of cancellation {unknown}
 i - a potion of ambrosia {unknown}
 j - a potion of haste {unknown}
 k - a potion of invisibility {unknown}
 n - a potion of flight {unknown}
Comestibles
 d - 2 rations
 m - a chunk of flesh


   Skills:
 + Level 1.5 Short Blades
 - Level 1.5 Dodging
 - Level 3.6 Stealth
 - Level 2.1 Spellcasting
 + Level 4.2 Hexes


You couldn't memorise any spells.
You knew the following spells:

 Your Spells              Type           Power        Failure   Level  Hunger
a - Corona                Hex            ##.....      3%          1    #......
b - Ensorcelled Hibernat  Hex/Ice        #.....       14%         2    ###....
c - Confuse               Hex            ##......     12%         3    ###....

Your spell library contained the following spells:

 Spells                   Type           Power        Failure   Level  Hunger
 Tukima's Dance           Hex            ##......     12%         3    ###....
 Dazzling Spray           Conj/Hex       #.....       28%         3    ###....


Dungeon Overview and Level Annotations

Branches:
Dungeon (2/15)

Altars:
Ashenzari


Innate Abilities, Weirdness & Mutations

You have extremely sharp teeth.
When hurt, damage is shared between your health and your magic reserves.
Your bite disrupts and absorbs the magic of your enemies.
Potions cannot restore your health.
You are immune to rotting.


Message History

The adder closely misses you.
You closely miss the adder.
The adder is heavily wounded.
The adder barely misses you.
You closely miss the adder.
The adder is heavily wounded.
You feel sick. The adder bites you.
* * * LOW HITPOINT WARNING * * *
The adder bites you.
* * * LOW HITPOINT WARNING * * *
You hit the adder but do no damage. You bite the adder, but do no damage.
The adder is heavily wounded.
The adder misses you.
You hit the adder but do no damage. Your bite misses the adder.
The adder is heavily wounded.
The adder misses you.
You hit the adder.
The adder is severely wounded.
The adder bites you.
You die...

##### #...###########
#.............# #.............#
#.............# ########## ####
#.............# #........#+#....
#.............+ +........#_#....
#.......).....###........###....
#.............'@Sg..........!...
#...........<.####..............
......#######'#####...........)..
.####.# #.....+.......'...... .
#..# #######......##...... ...#
#......# .....? ...# #..†...#
...... .. +......+ ......
#......# ######


You could see an adder and a hobgoblin.

Vanquished Creatures
  2 oozes
  2 worms (D:2)
  2 dart slugs (D:1)
  3 leopard geckos (D:1)
  4 bats (D:1)
  2 goblins
  3 hobgoblins
  A frilled lizard (D:1)
  3 kobolds (D:1)
  3 rats
25 creatures vanquished.

Notes
Turn   | Place    | Note
-------+----------+-------------------------------------------
     0 | D:1      | HAL9000 the Vine Stalker Enchanter began the quest for the
                  | Orb.
     0 | D:1      | Reached XP level 1. HP: 9/9 MP: 4/4
   265 | D:1      | Reached skill level 1 in Short Blades
   265 | D:1      | Reached XP level 2. HP: 13/13 MP: 4/6
   524 | D:1      | Learned a level 2 spell: Ensorcelled Hibernation
   731 | D:1      | Reached skill level 4 in Hexes
   731 | D:1      | Reached XP level 3. HP: 13/16 MP: 5/7
  1309 | D:2      | Found a shattered altar of Ashenzari.
  1314 | D:2      | Learned a level 3 spell: Confuse
  1549 | D:2      | Slain by an adder

Levels and vault maps discovered:
D:1:      zelgadis_glass_arrival_small, layout_loops_ring
D:2:      layout_basic, ashenzari_conservatory_becter, first_ration,
          fedhas_altar_2, uniq_terence

Skill      XL: |  1  2 |
---------------+-------+-----
Short Blades   | 1 |  1.5
Hexes          | 4 |  4.2
Dodging        | |  1.5
Stealth        | |  3.6
Spellcasting   | |  2.1

Action                   || total
-------------------------++-------
Melee: Dagger            ||    83
       Bite              ||    26
 Cast: Corona            ||     9
       Ensorcelled Hiber ||     6
       Confuse           ||     1
 Stab: Sleeping          ||     3
  Eat: Chunk             ||     2
Armor: Robe              ||    14
Dodge: Dodged            ||    42

Table legend:
 A = Non-vault XP
 B = Vault XP
 C = Vault XP percentage of total XP
 D = Non-vault monster count
 E = Vault monster count
 F = Vault count percentage of total count
                 A         B        C        D         E       F
            +---------+---------+-------+---------+---------+-------
      Total |      63 |       0 |   0.0 |      25 |       0 |   0.0
            +---------+---------+-------+---------+---------+-------
        D:1 |      41 |       0 |   0.0 |      18 |       0 |   0.0
        D:2 |      22 |       0 |   0.0 |       7 |       0 |   0.0
            +---------+---------+-------+---------+---------+-------
